Map: Ruins of Seras

Players

TOP

  • Race: Terran Terran

PtitDrogo - Winner!

  • Race: Protoss Protoss
  • League: Master

Event: Homestory Cup XII

VOD

Have the link to the VOD?

Description

Time

  • Played on: Dec. 19, 2015, 2:45 p.m.
  • Length: 18:42

All games in this series

Show
View Real Time Build Order
Export as new Build Order

TOP Terran 

Build Orders: Liberator Opening, MMM Bio 

Get SALT Encoding   

  12  0:01  SCV  
  13  0:13  SCV  
  14  0:18  Supply Depot  
  14  0:25  SCV  
  15  0:39  SCV  
  15  0:41  Barracks  
  16  0:52  SCV  
  16  0:53  Refinery  
  17  1:04  SCV  
  18  1:16  SCV  
  19  1:28  Marine, Orbital Command  
  20  1:43  Command Center  
  20  1:54  Supply Depot  
  20  1:55  SCV  
  20  1:58  Marine  
  22  2:07  SCV  
  23  2:11  Factory  
  23  2:18  Marine  
  23  2:19  SCV  
  25  2:31  SCV  
  25  2:36  Marine  
  27  2:42  Refinery  
  27  2:43  SCV  
  28  2:55  Widow Mine  
  28  2:56  SCV, Starport  
  28  2:57  Orbital Command  
  31  3:01  Barracks Reactor  
  31  3:08  SCV  
  32  3:18  Liberator  
  32  3:23  Widow Mine  
  32  3:24  SCV  
  32  3:25  SCV  
  36  3:37  Supply Depot, SCV  
  36  3:38  SCV  
  36  3:41  Marine x2  
  43  3:54  Widow Mine  
  45  3:58  Marine x2  
  45  4:00  Liberator  
  47  4:04  Command Center  
  47  4:08  Supply Depot  
  47  4:09  SCV  
  49  4:10  SCV  
  52  4:28  Marine x2  
  52  4:30  SCV x2  
  56  4:33  Factory Tech Lab  
  56  4:42  SCV  
  56  4:44  SCV  
  58  4:45  Marine  
  60  4:55  Supply Depot  
  60  5:01  Siege Tank, Liberator  
  60  5:05  Bunker  
  62  5:15  SCV x2  
  62  5:20  Barracks  
  67  5:21  Barracks  
  67  5:22  Orbital Command  
  67  5:23  Barracks Tech Lab  
  67  5:26  Refinery  
  67  5:27  SCV  
  68  5:32  SCV  
  66  5:36  Siege Tank  
  66  5:40  SCV  
  70  5:44  SCV  
  70  5:46  Barracks  
  70  5:48  SCV, Barracks  
  72  5:52  SCV, Refinery  
  72  5:54  Marauder  
  72  5:56  SCV, Stimpack  
  76  6:00  SCV  
  76  6:03  Engineering Bay  
  76  6:04  SCV  
  78  6:05  Starport Reactor  
  78  6:08  SCV  
  79  6:12  SCV, Marine x2  
  79  6:16  SCV  
  79  6:18  Factory Reactor  
  85  6:24  Supply Depot, Combat Shields  
  85  6:25  SCV x2, Supply Depot  
  85  6:31  Supply Depot  
  85  6:33  Terran Infantry Weapons Level 1  
  85  6:36  Barracks Tech Lab  
  85  6:41  Barracks Reactor  
  85  6:42  SCV, Marauder  
  85  6:46  SCV, Marauder, Marine x2  
  81  6:58  SCV  
  81  6:59  Marauder  
  78  7:03  Marine x3  
  78  7:06  Orbital Command  
  78  7:07  Marine  
  73  7:10  SCV  
  70  7:16  Refinery  
  70  7:20  Marauder, Medivac  
  70  7:21  Medivac, Marine x5  
  70  7:22  SCV  
  81  7:29  Marauder  
  83  7:34  SCV, Concussive Shells  
  84  7:38  Refinery  
  84  7:39  Marine x3  
  84  7:41  Marine  
  88  7:46  SCV, Marine  
  88  7:53  Marauder  
  88  7:56  Medivac  
  90  7:58  SCV  
  90  7:59  Marauder, Marine  
  90  8:00  Marine  
  90  8:01  Marauder, Marine  
  98  8:06  Marine  
  98  8:10  SCV  
  100  8:15  Supply Depot, Marauder  
  100  8:17  Marine  
  100  8:19  Supply Depot  
  103  8:21  Marauder  
  103  8:23  Orbital Command  
  105  8:31  Marine x2  
  102  8:38  Marine x2  
  102  8:39  Marauder  
  93  8:44  Widow Mine, Medivac x2  
  93  8:47  SCV  
  98  8:58  Supply Depot, Terran Infantry Armor Level 1  
  98  8:59  SCV  
  98  9:01  Marine x2  
  100  9:05  Marine x2  
  101  9:22  Marine  
  101  9:23  Marauder x2, Marine  
  92  9:24  Marine  
  92  9:26  Marine x2  
  78  9:40  Marine x2  
  78  9:42  Marine  
  78  9:43  Marine  
  78  9:44  Marauder  
  78  9:45  Medivac  
  76  9:47  Marine  
  76  9:51  SCV  
  78  9:54  SCV  
  78  9:56  SCV  
  82  10:00  Marauder  
  82  10:04  Marine x2  
  82  10:05  Marine  
  85  10:09  Marauder, Marine  
  85  10:13  SCV  
  90  10:16  Medivac  
  90  10:17  Widow Mine  
  90  10:19  Medivac  
  95  10:21  Marine  
  95  10:22  Marauder, Marine  
  95  10:26  Marine x2  
  101  10:34  Marine  
  101  10:35  Marauder  
  102  10:39  Marine  
  102  10:40  Marine  
  102  10:42  Widow Mine  
  100  10:43  Marauder  
  100  10:44  Marine  
  100  10:48  Marine  
  100  10:54  Marine  
  100  10:56  Marauder  
  103  10:58  Marauder, Marine  
  103  11:00  Widow Mine, Medivac x2  
  112  11:05  Marauder  
  112  11:06  Armory  
  112  11:07  Missile Turret  
  112  11:08  SCV  
  115  11:11  Marine  
  115  11:14  Widow Mine  
  115  11:18  Marauder  
  120  11:19  Marine x2  
  120  11:20  SCV, Marauder  
  120  11:25  Marine  
  115  11:26  Marauder  
  115  11:29  Marine  
  106  11:37  Marine x2  
  106  11:39  Marauder  
  95  11:40  Marine  
  95  11:43  Marine  
  94  11:47  Marine  
  94  11:48  Marauder  
  84  11:55  Marine x2  
  84  11:59  Marauder  
  84  12:00  Marine  
  84  12:01  Marine  
  82  12:05  Marine  
  77  12:09  Marauder  
  77  12:12  Marine  
  80  12:18  Marine  
  80  12:19  Marine  
  80  12:20  Marine  
  75  12:23  Marine  
  72  12:30  Marauder, Marine  
  73  12:42  Marine x2  
  73  12:43  Marine  
  68  12:51  Marine  
  64  12:52  Marauder  
  63  12:59  Marine  
  63  13:00  Marine  
  63  13:08  Marine  
  63  13:10  Widow Mine  
  64  13:14  Marine  
  65  13:32  Marine x2  
  65  13:33  Marauder  
  68  13:42  Marine x2  
  70  13:54  Marauder  
  71  13:56  Marine x2  
  71  13:58  Widow Mine x2  
  71  14:00  Marine  
  78  14:03  Marine  
  76  14:15  Marauder  
  70  14:29  Marine x2  
  70  14:30  Marine x2, Medivac  
  71  14:36  Marine  
  50  14:47  Marine x2  
  50  14:48  Marine x2  
  50  14:49  Orbital Command  
  44  14:55  Orbital Command  
  44  14:59  Marine  
  41  15:21  Marine  
  41  15:22  Marine  
  41  15:27  Barracks Tech Lab x2  
  41  15:35  SCV x2  
  43  15:37  Marine  
  43  15:39  Marine  
  43  15:40  Marine  
  46  15:47  SCV, Medivac  
  46  15:48  Medivac  
  51  15:52  Missile Turret  
  51  15:55  Marine  
  52  15:57  Marine  
  52  16:00  Marine  
  52  16:01  Marauder  
  52  16:03  Marine  
  56  16:12  Marine  
  56  16:25  Marauder, Marine x2  
  58  16:26  Marauder  
  58  16:30  Marine  
  56  16:38  Medivac  
  60  16:43  Orbital Command, Marine x2  
  60  16:46  Marine  
  65  16:47  Marauder  
  65  16:55  Marine  
  65  17:00  Marine  
  65  17:01  Marine  
  68  17:12  Marine  
  68  17:13  Marine  
  68  17:14  SCV  
  68  17:15  Marine  
  67  17:21  Widow Mine  
  70  17:26  SCV  
  57  17:41  SCV  
  51  17:50  Widow Mine  
Show
View Real Time Build Order
Export as new Build Order

PtitDrogo Protoss - Winner!

Build Orders: 1 Gate Expand 

Get SALT Encoding   

  12  0:01  Probe (Chrono Boost)  
  13  0:11  Probe (Chrono Boost)  
  14  0:18  Pylon  
  14  0:22  Probe (Chrono Boost)  
  15  0:36  Probe (Chrono Boost)  
  15  0:37  Gateway  
  16  0:43  Assimilator  
  16  0:46  Probe (Chrono Boost)  
  18  0:57  Probe (Chrono Boost)  
  18  1:07  Probe (Chrono Boost)  
  19  1:20  Nexus  
  19  1:26  Probe (Chrono Boost)  
  20  1:33  Cybernetics Core  
  20  1:37  Probe (Chrono Boost)  
  21  1:42  Assimilator  
  21  1:48  Probe (Chrono Boost)  
  21  1:52  Pylon  
  22  1:58  Probe (Chrono Boost)  
  23  2:10  Adept  
  23  2:11  Mothership Core (Chrono Boost)  
  27  2:16  Warp Gate (Chrono Boost)  
  27  2:29  Probe (Chrono Boost)  
  28  2:32  Probe (Chrono Boost)  
  29  2:39  Robotics Facility  
  29  2:40  Probe  
  29  2:42  Probe  
  31  2:52  Probe  
  31  2:53  Probe  
  33  3:03  Probe  
  33  3:04  Probe  
  35  3:09  Gateway  
  35  3:10  Gateway  
  35  3:14  Probe  
  35  3:18  Probe  
  37  3:24  Probe  
  37  3:26  Observer (Chrono Boost)  
  39  3:30  Probe, Pylon  
  40  3:35  Probe  
  40  3:37  Twilight Council  
  40  3:39  Pylon  
  41  3:42  Probe  
  41  3:44  Observer (Chrono Boost)  
  41  3:46  Probe  
  44  3:54  Probe  
  45  3:58  Probe  
  46  4:06  Probe, Assimilator  
  46  4:07  Assimilator  
  47  4:10  Probe  
  47  4:14  Stalker x3  
  54  4:19  Probe  
  54  4:20  Warp Prism  
  54  4:22  Probe, Pylon  
  56  4:27  Blink (Chrono Boost)  
  56  4:31  Probe  
  59  4:34  Probe  
  60  4:38  Pylon  
  60  4:44  Stalker x2  
  64  4:55  Pylon  
  63  5:02  Stalker  
  63  5:15  Stalker  
  63  5:16  Stalker  
  67  5:22  Gateway  
  67  5:24  Gateway  
  67  5:28  Gateway  
  65  5:41  Stalker x2  
  65  5:42  Stalker  
  71  6:04  Pylon  
  71  6:06  Stalker x3  
  71  6:09  Gateway  
  71  6:11  Pylon  
  77  6:23  Pylon  
  77  6:24  Stalker x3  
  77  6:25  Pylon  
  83  6:28  Stalker  
  83  6:29  Stalker  
  83  6:32  Templar Archives  
  85  6:48  Adept x3  
  85  6:50  Adept x2  
  95  6:54  Probe  
  92  7:04  Adept  
  92  7:06  Probe  
  81  7:10  Stalker x2  
  81  7:11  Stalker x2  
  85  7:20  Resonating Glaives  
  85  7:32  Nexus  
  85  7:38  Probe x2  
  87  7:50  Pylon  
  87  7:53  Probe  
  87  7:54  Adept x5  
  87  7:55  Adept  
  87  7:58  Probe  
  100  8:03  Adept  
  100  8:05  Probe  
  103  8:10  Probe, Pylon  
  104  8:15  High Templar x4  
  104  8:16  Stalker  
  104  8:17  Probe  
  115  8:22  Probe  
  115  8:25  Archon x2  
  116  8:27  Zealot x2  
  116  8:32  Probe  
  119  8:40  Stalker  
  122  8:41  Probe  
  122  8:44  Probe  
  122  8:45  Probe  
  124  8:50  Stalker x3  
  124  8:53  Probe  
  131  8:55  Pylon  
  128  9:10  Probe  
  128  9:16  Adept x4  
  129  9:22  Adept x3  
  113  9:26  Immortal (Chrono Boost)  
  113  9:29  Probe  
  104  9:31  Probe  
  103  9:45  Stalker x4  
  92  9:46  Stalker x3  
  97  9:54  Assimilator  
  97  9:55  Assimilator  
  97  10:05  Nexus, Observer (Chrono Boost)  
  98  10:07  Sentry  
  98  10:08  High Templar x2  
  98  10:09  Adept x4  
  112  10:15  Archon  
  112  10:22  Forge  
  112  10:24  Forge, Warp Prism (Chrono Boost)  
  114  10:33  Stalker x3  
  120  10:39  Stalker x2  
  124  10:48  Stalker x2  
  128  11:00  Protoss Ground Weapons Level 1 (Chrono Boost), Protoss Ground Armor Level 1 (Chrono Boost)  
  128  11:09  Probe  
  129  11:14  Adept x2  
  129  11:15  Adept x2  
  129  11:18  Zealot x3  
  143  11:22  Pylon  
  143  11:23  Pylon  
  143  11:24  Photon Cannon  
  136  11:27  Probe  
  136  11:30  Photon Cannon  
  128  11:37  Stalker x3  
  128  11:38  Zealot  
  122  11:50  Probe  
  122  11:51  Stalker, Zealot  
  122  11:52  Stalker  
  121  12:00  Stalker x4  
  111  12:12  Adept  
  101  12:16  Adept x2  
  97  12:25  Adept x3  
  85  12:44  Pylon  
  85  12:48  Gateway  
  85  12:50  Gateway  
  75  12:51  Probe  
  74  12:59  Gateway  
  74  13:01  Gateway  
  74  13:02  Gateway  
  74  13:04  Mothership Core (Chrono Boost)  
  74  13:05  Stalker  
  77  13:11  Adept  
  77  13:12  Adept  
  81  13:15  Gateway, Probe (Chrono Boost)  
  82  13:20  Adept x2, Pylon  
  86  13:27  Dark Shrine  
  85  13:36  Cybernetics Core  
  81  13:42  Probe (Chrono Boost)  
  81  13:43  Probe (Chrono Boost)  
  81  13:50  Probe  
  81  13:54  Probe  
  81  13:55  Probe  
  84  13:57  Stalker x2  
  84  14:01  Zealot x3  
  84  14:02  Probe  
  93  14:04  Probe  
  85  14:19  Stalker x3  
  76  14:36  Probe  
  67  14:39  Stalker x4  
  67  14:43  Probe  
  67  14:45  Dark Templar x2  
  70  14:48  Probe  
  70  14:51  Probe  
  70  14:52  Assimilator  
  72  14:53  Assimilator  
  72  14:54  Probe  
  71  15:00  Probe  
  71  15:02  Nexus  
  71  15:03  Probe  
  71  15:04  Probe, Protoss Ground Weapons Level 2 (Chrono Boost), Assimilator  
  71  15:05  Assimilator  
  71  15:06  Pylon  
  74  15:10  Pylon  
  74  15:11  Protoss Ground Armor Level 2 (Chrono Boost)  
  74  15:21  Probe  
  73  15:22  Dark Templar x2  
  77  15:29  Probe  
  77  15:35  Probe  
  77  15:41  Dark Templar  
  77  15:42  Pylon, Zealot x6  
  91  15:56  Mothership Core (Chrono Boost)  
  93  15:58  Dark Templar  
  94  16:04  Adept x5  
  94  16:05  Adept x2  
  107  16:16  Probe (Chrono Boost)  
  108  16:24  Probe (Chrono Boost)  
  107  16:26  Adept x3  
  107  16:27  Adept x4  
  107  16:31  Probe (Chrono Boost)  
  123  16:32  Probe (Chrono Boost)  
  124  16:40  Probe (Chrono Boost)  
  124  16:45  Pylon  
  124  16:51  Adept  
  124  16:52  Adept x7  
  138  17:14  Stalker  
  138  17:15  Stalker x5  
  148  17:24  Dark Templar x2  
  122  17:38  Dark Templar x2  
  122  17:48  Observer  
  123  17:51  Zealot x2  
  127  18:04  Stalker  
  123  18:14  Stalker  
  109  18:31  Stalker  
Tags
 
Add a new tag
Caveats
  • Supply blocks, unpowered buildings, or Contaminate may cause inaccurate times.
  • Supply counts are checked every 10 seconds.